 Dungeon Crawl Stone Soup version 0.17.1-2-g5865329 (webtiles) character file.

4481 FortyThree the Spear-Bearer (level 10, -2/79 HPs)
             Began as a Merfolk Skald on Feb 3, 2016.
             Was an Elder of Okawaru.
             Slain by an iguana (11 damage)
             ... on level 9 of the Dungeon on Feb 4, 2016.
             The game lasted 00:32:25 (13394 turns).

FortyThree the Spear-Bearer (Merfolk Skald)        Turns: 13394, Time: 00:32:25

Health: -2/79      AC:  5    Str: 12    XL:     10   Next: 38%
Magic:  13/13      EV: 17    Int: 15    God:    Okawaru [****..]
Gold:   338        SH:  0    Dex: 14    Spells: 1 memorised, 12 levels left

rFire  . . .     SeeInvis .     Q - +0 glaive
rCold  . . .     Clarity  .     b - +1 leather armour
rNeg   . . .     SustAt   .     (shield currently unavailable)
rPois  +         Gourm    .     (no helmet)
rElec  .         Spirit   .     (no cloak)
rCorr  .         Warding  .     w - +0 pair of gloves
rMut   .         Stasis   .     (no boots)
MR     .....                    i - amulet of faith
Stlth  +.........               (no ring)
                                p - ring of poison resistance

@: not resistant to hostile enchantments, very unstealthy
A: change form in water, swift swim
a: Heroism, Renounce Religion


You were on level 9 of the Dungeon.
You worshipped Okawaru.
Okawaru was greatly pleased with you.
You were not hungry.

You visited 2 branches of the dungeon, and saw 10 of its levels.
You also visited: Ossuary.

You collected 494 gold pieces.
You spent 156 gold pieces at shops.

Inventory:

Hand Weapons
 a - a +1 spear of freezing
 F - a +0 trident
 P - a +0 trident of protection
 Q - a +0 glaive (weapon)
Missiles
 l - 68 poisoned needles
 o - 8 javelins (quivered)
 s - 4 silver javelins
 y - a throwing net
 H - 6 javelins of returning
Armour
 b - a +1 leather armour (worn)
 w - a +0 pair of gloves (worn)
Rods
 R - a -3 rod of ignition (12/12)
   (You found it on level 9 of the Dungeon)
 S - a +1 iron rod (11/11)
   (You found it on level 9 of the Dungeon)
Jewellery
 e - an uncursed ring of teleportation
 g - an uncursed amulet of stasis
 i - an amulet of faith (around neck)
 p - a ring of poison resistance (left hand)
 N - an uncursed ring of sustain attributes {unknown}
Wands
 f - a wand of magic darts (34)
 C - a wand of teleportation (4)
 E - a wand of frost (22)
 K - a wand of hasting (3)
Scrolls
 q - 4 scrolls of remove curse
 t - 3 scrolls of teleportation
 u - 9 scrolls of identify
 D - a scroll of amnesia
Potions
 h - a potion of degeneration {unknown}
 j - 3 potions of cancellation {unknown}
 k - 2 potions of ambrosia
 m - 2 potions of agility {unknown}
 r - 5 potions of curing
 v - a potion of berserk rage {unknown}
 x - 2 potions of lignification {unknown}
 z - 3 potions of heal wounds {unknown}
 A - 2 potions of magic {unknown}
 G - a potion of invisibility {unknown}
 I - a potion of might
 U - a potion of brilliance {unknown}
Books
 c - a book of Battle

   Spells                             Type                      Level
   a - Infusion                       Charms                       1
   b - Shroud of Golubria             Charms/Translocation         2
   c - Song of Slaying                Charms                       2
   d - Spectral Weapon                Hexes/Charms                 3
   e - Regeneration                   Charms/Necromancy            3
 J - a book of Dreams

   Spells                             Type                      Level
   a - Ensorcelled Hibernation        Hexes/Ice                    2
   b - Phase Shift                    Translocation                5
   c - Shadow Creatures               Summoning                    5
   d - Silence                        Hexes/Air                    5
   e - Darkness                       Hexes                        6
   f - Mass Confusion                 Hexes                        6
 L - a book of Enchantments

   Spells                             Type                      Level
   a - Cause Fear                     Hexes                        4
   b - Silence                        Hexes/Air                    5
   c - Deflect Missiles               Charms/Air                   6
   d - Haste                          Charms                       6
   e - Discord                        Hexes                        8
 M - a book of Debilitation

   Spells                             Type                      Level
   a - Corona                         Hexes                        1
   b - Slow                           Hexes                        2
   c - Gell's Gravitas                Hexes/Translocation          3
   d - Inner Flame                    Hexes/Fire                   3
   e - Cause Fear                     Hexes                        4
   f - Leda's Liquefaction            Hexes/Earth                  4
Comestibles
 d - 8 bread rations
 n - 4 meat rations
 B - 2 beef jerkies
 O - 5 slices of pizza


   Skills:
 - Level 7.3 Fighting
 + Level 14.5 Polearms
 - Level 0.6 Armour
 - Level 10.0 Dodging
 - Level 2.0 Spellcasting
 - Level 3.2 Charms
 - Level 3.0 Invocations


You had 12 spell levels left.
You knew the following spells:

 Your Spells              Type           Power        Failure   Level  Hunger
a - Infusion              Chrm           ##....       10%         1    #......


Dungeon Overview and Level Annotations

Branches:
Dungeon (9/15)             Temple (1/1) D:4
   Lair: D:8-11         Orc: D:9-12

Altars:
Ashenzari
Cheibriados
Dithmenos
Elyvilon
Fedhas
Gozag
Kikubaaqudgha
Makhleb
Nemelex Xobeh
Okawaru
Qazlal
Ru
Sif Muna
Trog
Vehumet
Xom
Yredelemnul
Zin
The Shining One

Shops:
D:6 !*:

Annotations:
D:6 Aviak's ghost, novice DgIE


Message History

You slash the quokka!
You kill the quokka!
Okawaru accepts your kill. The iguana misses you.
You see here a quokka corpse.
You hit the iguana but do no damage. The iguana bites you!
* * * LOW HITPOINT WARNING * * *
You slash the iguana!
The iguana is severely wounded.
The iguana bites you!
* * * LOW HITPOINT WARNING * * *
You closely miss the iguana.
The iguana is severely wounded.
The iguana closely misses you.
Drink which item? (? for menu, Esc to quit)
You feel better. The iguana bites you!
* * * LOW HITPOINT WARNING * * *
Drink which item? (? for menu, Esc to quit)
You feel better. The iguana bites you!
You die...

......... ###.......#
..........# ##########
#.........# #........#
#.#.......# #........#
#.#.......#
#........###.#†......#
#.........##@##..#
#.........##l##..###
##........##'##....##
#........#.....#......
#........'............ #
####.......##...........# #
#........<..#...........# #
#.....................<.#
###....##..........._......


You could see an iguana.

Vanquished Creatures
  A troll (D:9)
  A human (D:7)
  A yak (D:7)
  A sky beast (D:8)
  A water moccasin (D:6)
  3 ice beasts
  3 ogres
  A phantom (D:9)
  3 orc warriors
  5 centaurs
  4 big kobolds
  3 giant frogs
  4 killer bees (D:8)
  3 wights (D:8)
  A centaur zombie (D:7)
  4 crimson imps
  A giant frog zombie (D:6)
  6 orc priests
  3 hounds
  2 jellies
  7 orc wizards
  3 giant frog skeletons
  2 iguanas
  10 worker ants
  A killer bee zombie (D:8)
  3 sheep (D:7)
  8 big kobold zombies (Ossuary)
  A worker ant zombie (D:5)
  A mummy (Ossuary)
  4 hound skeletons
  5 gnolls
  8 adders
  2 shadow imps
  An adder skeleton (D:4)
  3 worms
  23 orcs
  5 spectral bats (Ossuary)
  10 bats
  7 giant cockroaches
  4 gnoll zombies (Ossuary)
  10 goblins
  4 hobgoblins (D:1)
  12 jackals
  8 quokkas
  A ball python (D:1)
  7 bat simulacra (Ossuary)
  9 giant geckos
  A giant gecko zombie (D:6)
  3 giant newts
  A goblin simulacrum (Ossuary)
  6 goblin zombies (Ossuary)
  4 hobgoblin zombies (Ossuary)
  13 kobolds
  3 kobold simulacra (Ossuary)
  4 kobold zombies (Ossuary)
  3 orc zombies (Ossuary)
  9 rats
  4 rat simulacra (Ossuary)
  2 spectral goblins (Ossuary)
  3 spectral kobolds (Ossuary)
  3 spectral rats (Ossuary)
  4 butterflies (D:4)
273 creatures vanquished.

Vanquished Creatures (others)
  An ogre (D:5)
  A gnoll (D:5)
  An orc (D:5)
  A spectral bat (Ossuary)
  A goblin zombie (Ossuary)
5 creatures vanquished.

Grand Total: 278 creatures vanquished

Notes
Turn   | Place    | Note
--------------------------------------------------------------
     0 | D:1      | FortyThree the Merfolk Skald began the quest for the Orb.
     0 | D:1      | Reached XP level 1. HP: 16/16 MP: 3/3
   288 | D:1      | Reached skill level 4 in Polearms
   288 | D:1      | Reached XP level 2. HP: 16/22 MP: 5/5
   913 | D:1      | Reached skill level 5 in Polearms
   913 | D:1      | Reached XP level 3. HP: 15/27 MP: 6/6
  1584 | D:2      | Reached skill level 6 in Polearms
  1587 | D:2      | Found a basalt altar of Yredelemnul.
  1598 | D:2      | Reached XP level 4. HP: 18/33 MP: 7/7
  2750 | D:2      | Reached skill level 7 in Polearms
  2750 | D:2      | Reached XP level 5. HP: 9/38 MP: 8/8
  3137 | D:3      | Reached skill level 8 in Polearms
  3434 | D:4      | Found a staircase to the Ecumenical Temple.
  3516 | D:4      | Found a sand-covered staircase.
  3524 | D:4      | Noticed an ogre
  3529 | Ossuary  | Entered an ossuary
  3900 | Ossuary  | Reached XP level 6. HP: 41/44 MP: 9/9
  4006 | Ossuary  | Reached skill level 9 in Polearms
  4575 | Temple   | Entered the Ecumenical Temple
  4913 | D:4      | Reached skill level 10 in Polearms
  4995 | D:4      | Killed an ogre
  4995 | D:4      | Reached XP level 7. HP: 36/50 MP: 10/10
  5157 | D:4      | Reached skill level 11 in Polearms
  5557 | D:4      | Found an iron altar of Okawaru.
  5594 | D:4      | Became a worshipper of Warmaster Okawaru
  6234 | D:5      | Entered Level 5 of the Dungeon
  6564 | D:5      | Reached skill level 12 in Polearms
  6712 | D:5      | Reached XP level 8. HP: 26/56 MP: 11/11
  7318 | D:5      | Reached skill level 5 in Dodging
  7594 | D:6      | Reached * piety under Okawaru
  7787 | D:6      | Found Loitsiul's Book Boutique.
  7840 | D:6      | Reached skill level 1 in Invocations
  7957 | D:6      | Found a radiant altar of Vehumet.
  8041 | D:6      | Found an opulent altar of Gozag.
  8058 | D:6      | Found Gozag's Platinum Reserve.
  8346 | D:6      | Noticed Aviak's ghost (novice DgIE)
  8694 | D:6      | Found Nohan's Distillery.
  8726 | D:6      | Bought a potion of curing for 36 gold pieces
  8726 | D:6      | Bought a potion of curing for 36 gold pieces
  8726 | D:6      | Bought a potion of curing for 36 gold pieces
  8726 | D:6      | Bought a potion of might for 48 gold pieces
  8806 | D:6      | Reached ** piety under Okawaru
  9358 | D:5      | Reached XP level 9. HP: 62/62 MP: 12/12
 10596 | D:7      | Reached skill level 5 in Fighting
 10600 | D:7      | Reached *** piety under Okawaru
 10600 | D:7      | Reached skill level 10 in Dodging
 11991 | D:8      | Reached skill level 13 in Polearms
 11991 | D:8      | Reached XP level 10. HP: 77/77 MP: 13/13
 12055 | D:8      | Reached **** piety under Okawaru
 12055 | D:8      | Received a gift from Okawaru
 13291 | D:9      | Reached skill level 14 in Polearms
 13359 | D:9      | Found a shimmering altar of Xom.
 13390 | D:9      | HP: 3/79 [iguana (13)]
 13394 | D:9      | Slain by an iguana

Action                   |  1- 3 |  4- 6 |  7- 9 | 10-12 || total
-------------------------+-------+-------+-------+-------++-------
Melee: Spear             |   164 |   528 |   318 |       ||  1010
       Trident           |       |       |   415 |    45 ||   460
       Glaive            |       |       |       |   108 ||   108
Throw: Javelin           |     3 |     8 |     7 |     2 ||    20
       Throwing net      |       |     2 |       |       ||     2
Invok: Heroism           |       |       |     3 |     1 ||     4
  Use: Scroll            |       |     7 |     5 |     3 ||    15
       Potion            |       |       |     1 |     2 ||     3
 Stab: Sleeping          |     1 |     2 |     4 |       ||     7
       Distracted        |       |       |     1 |       ||     1
  Eat: Chunk             |     2 |     6 |    18 |     1 ||    27
       Fruit             |       |     4 |       |       ||     4
       Bread ration      |       |     1 |       |       ||     1
       Beef jerky        |       |       |     1 |     1 ||     2
       Pizza             |       |       |       |     2 ||     2
